 Dungeon Crawl Stone Soup version 0.23.0 (webtiles) character file.

Game seed: 7609225952317205001

12990 Gargoyl the Cleaver (level 11, -5/92 HPs)
             Began as a Centaur Abyssal Knight on Feb 9, 2019.
             Was an Elder of Lugonu.
             Drowned by a water elemental (8 damage)
             ... on level 12 of the Dungeon.
             The game lasted 00:23:49 (16070 turns).

Gargoyl the Cleaver (Centaur Abyssal Knight)       Turns: 16070, Time: 00:23:50

Health: -5/92      AC: 21    Str: 21    XL:     11   Next: 69%
Magic:  14/17      EV:  6    Int: 11    God:    Lugonu [****..]
Gold:   752        SH:  3    Dex: 14    Spells: 10/10 levels left

rFire    + + +     SeeInvis .   a - +8 hand axe
rCold    + + .     Gourm    .   (no shield)
rNeg     . . .     Faith    .   E - +2 chain mail {rF+}
rPois    +         Spirit   .   r - +0 helmet
rElec    +         Reflect  +   i - scarf {rC+ rF+}
rCorr    +         Harm     .   e - +1 pair of gloves
MR       .....                  J - +0 centaur barding
Stlth    ..........             t - +3 amulet of reflection
HPRegen  0.25/turn              h - +5 ring of strength
MPRegen  0.15/turn              l - +3 ring of dexterity

@: resistant, engulfed (cannot breathe), very quick
A: large, hooves 3, deformed body, speed 2, tough skin 3
a: Depart the Abyss, Bend Space, Banish, Corrupt, Renounce Religion


You were on level 12 of the Dungeon.
You worshipped Lugonu.
Lugonu was greatly pleased with you.
You were not hungry.

You visited 1 branch of the dungeon, and saw 12 of its levels.
You visited the Abyss 1 time.

You collected 885 gold pieces.
You spent 133 gold pieces at shops.

Inventory:

Hand Weapons
 a - a +8 hand axe (weapon)
 u - a +3 hand axe
 G - a +1 war axe of chopping
Armour
 e - a +1 pair of gloves (worn)
 i - a scarf of resistance (worn)
 r - a +0 helmet (worn)
 E - a +2 chain mail of fire resistance (worn)
 J - a +0 centaur barding (worn)
Jewellery
 h - a +5 ring of strength (left hand)
 l - a +3 ring of dexterity (right hand)
 t - a +3 amulet of reflection (around neck)
 y - an uncursed ring of protection from fire
Wands
 n - a wand of polymorph (10)
 o - a wand of flame (29)
 v - a wand of iceblast (15)
 D - a wand of enslavement (9)
 F - a wand of paralysis (21)
 I - a wand of acid (11)
Scrolls
 g - 4 scrolls of remove curse
 j - a scroll of fog
 q - 2 scrolls of fear
 s - 7 scrolls of teleportation
 x - 2 scrolls of magic mapping
 C - a scroll of identify
 K - a scroll of blinking
Potions
 b - 2 potions of haste {unknown}
 d - 2 potions of curing
 f - a potion of might
 k - a potion of magic
 m - 2 potions of ambrosia
 p - a potion of flight {unknown}
 w - 3 potions of lignification
 z - 2 potions of cancellation
 B - a potion of mutation
 L - a potion of invisibility {unknown}
 N - a potion of berserk rage {unknown}
Miscellaneous
 H - a lightning rod (4/4)
Comestibles
 c - 17 rations


   Skills:
 + Level 7.1 Fighting
 + Level 9.0 Axes
 * Level 8.4 Armour
 * Level 5.4 Dodging
 * Level 8.8 Invocations
 + Level 1.2 Evocations


You had 10 spell levels left.
You didn't know any spells.
Your spell library contained the following spells:

 Spells                   Type           Power        Failure   Level  Hunger
 Magic Dart               Conj           #...         94%         1    ##.....
 Sting                    Conj/Pois      #...         94%         1    ##.....
 Blink                    Tloc           N/A          98%         2    ###....
 Call Imp                 Summ           #.......     98%         2    ###....
 Poisonous Vapours        Pois/Air       #.....       98%         2    ###....
 Slow                     Hex            #.......     98%         2    ###....
 Conjure Flame            Conj/Fire      #.......     100%        3    ####...
 Mephitic Cloud           Conj/Pois/Air  #.......     100%        3    ####...
 Olgreb's Toxic Radiance  Pois           #.......     100%        4    #####..
 Venom Bolt               Conj/Pois      #.........   100%        5    ######.


Dungeon Overview and Level Annotations

Branches:
Dungeon (12/15)            Temple (0/1) D:7            Lair (0/6) D:11
    Orc: D:9-12

Altars:
Elyvilon
Fedhas
Hepliaklqana
Xom
Yredelemnul

Shops:
D:6 %   D:7 %   D:8 *   D:11 ?


Innate Abilities, Weirdness & Mutations

You have hooves in place of feet.
Armour fits poorly on your strangely shaped body.
You cover ground very quickly.
You have extremely tough skin. (AC +3)


Message History

The water elemental hits you. The yak gores you.
* * * LOW HITPOINT WARNING * * *
You block the yak's attack. The yak barely misses you.
The yak gores you but does no damage.
You cannot call out to Lugonu while unable to breathe.
Okay, then.
You cannot read scrolls while unable to breathe!
You feel better.
* * * LOW HITPOINT WARNING * * *
Your lungs strain for air!
The water elemental hits you. The yak barely misses you. The yak gores you!
* * * LOW HITPOINT WARNING * * *
The yak gores you but does no damage. The yak gores you!
* * * LOW HITPOINT WARNING * * *
The yak gores you but does no damage.
Okay, then.
Unknown command.
It was a potion of resistance.
You feel protected.
You die...

≈≈≈≈≈.......#≈≈≈#.
≈≈≈≈≈≈..≈.≈≈≈≈≈≈# #.#
≈≈≈≈≈≈≈≈≈≈≈≈≈≈≈ .#.#
≈≈≈≈≈≈≈≈≈≈≈≈≈##....
#≈≈≈≈≈≈≈≈≈≈≈≈≈≈≈≈≈. ...
#.≈≈≈≈≈≈≈≈≈≈≈≈≈≈≈≈≈ ....
#.Y≈≈...≈.≈≈≈...≈≈≈
....≈#YYY≈......≈#..#.≈≈
....≈≈Y@Y.............≈≈
##≈≈≈≈.E.........####..≈
...≈≈≈...........# #...
...≈≈≈≈≈≈###.....#####..
...≈≈≈≈≈≈≈ #...........>
≈≈≈≈≈≈≈≈≈≈##............
≈≈≈≈≈≈≈≈≈≈##....>.......
≈≈≈≈≈≈≈≈≈≈##............
≈≈≈≈≈≈≈≈###............


You could see a water elemental and 6 yaks.

Vanquished Creatures
  3 two-headed ogres
  An unseen horror (D:11)
  A manticore (D:12)
  A gargoyle (D:11)
  A troll (D:9)
  Grinder (D:6)
  A hippogriff (D:11)
  5 yaks
  A water elemental (D:12)
  A wyvern (D:11)
  Grum (D:9)
  A water moccasin (D:12)
  A hornet zombie (D:9)
  3 sky beasts
  An ice beast (D:10)
  8 orc warriors
  3 phantoms
  3 wolves (D:9)
  A necrophage (D:9)
  4 ogres
  9 centaurs
  A crocodile (D:8)
  A big kobold (D:9)
  9 bullfrogs
  A wyvern zombie (D:12)
  A water moccasin zombie (D:11)
  2 wyvern skeletons
  A scorpion (D:5)
  5 killer bees (D:7)
  12 wights
  An electric eel (D:12)
  5 howler monkeys
  A crimson imp (D:11)
  A bullfrog zombie (D:12)
  A centaur zombie (D:8)
  4 hounds
  A quasit (D:6)
  6 jellies
  4 orc priests
  2 bullfrog skeletons (D:4)
  Jessica (D:2)
  2 centaur skeletons
  An iguana (D:3)
  Ijyb (D:3)
  14 orc wizards
  9 worker ants
  A hound zombie (D:11)
  Robin (D:2)
  4 gnolls (D:2)
  A howler monkey skeleton (D:8)
  18 adders
  4 shadow imps
  5 oozes (D:9)
  2 worms
  A dart slug (D:1)
  4 leopard geckos
  47 orcs
  8 giant cockroaches
  20 goblins
  9 hobgoblins
  7 jackals
  2 quokkas
  11 bats
  11 frilled lizards
  A jackal zombie (D:5)
  13 kobolds
  A quokka zombie (D:8)
  7 rats
316 creatures vanquished.

Vanquished Creatures (others)
  2 two-headed ogres
  An unseen horror (D:12)
  An orc warrior (D:6)
  4 electric eels (D:12)
8 creatures vanquished.

Grand Total: 324 creatures vanquished

Notes
Turn   | Place    | Note
-------+----------+-------------------------------------------
     0 | Abyss:1  | Gargoyl the Centaur Abyssal Knight began the quest for the
                  | Orb.
     0 | Abyss:1  | Reached XP level 1. HP: 19/19 MP: 2/2
   112 | Abyss:1  | Noticed an iron imp
   158 | Abyss:1  | Noticed an iron imp
   171 | Abyss:1  | Noticed a bone dragon
   174 | Abyss:2  | Found a corrupted altar of Lugonu.
   189 | Abyss:2  | Found a snail-covered altar of Cheibriados.
   220 | Abyss:3  | Noticed a water nymph
   220 | Abyss:3  | Noticed a shambling mangrove
   220 | Abyss:3  | Noticed a worldbinder
   221 | D:1      | Escaped the Abyss
   564 | D:1      | Reached * piety under Lugonu
   577 | D:1      | Reached XP level 2. HP: 25/26 MP: 3/3
   822 | D:1      | Reached skill level 2 in Axes
   898 | D:1      | Reached XP level 3. HP: 31/31 MP: 4/4
   924 | D:1      | Reached skill level 1 in Dodging
  1403 | D:2      | Found a faded altar of an unknown god.
  1438 | D:2      | Noticed Jessica
  1442 | D:2      | Killed Jessica
  1442 | D:2      | Reached XP level 4. HP: 30/40 MP: 5/5
  1592 | D:2      | Reached ** piety under Lugonu
  2259 | D:2      | Noticed Robin
  2266 | D:2      | Killed Robin
  2292 | D:2      | Reached XP level 5. HP: 40/46 MP: 6/6
  2824 | D:3      | Reached skill level 3 in Axes
  3050 | D:3      | Found a white marble altar of Elyvilon.
  3228 | D:3      | Noticed Ijyb
  3236 | D:3      | Killed Ijyb
  3265 | D:3      | Reached *** piety under Lugonu
  3433 | D:3      | Reached XP level 6. HP: 45/52 MP: 8/8
  4253 | D:5      | Entered Level 5 of the Dungeon
  4341 | D:5      | Found a hazy altar of Hepliaklqana.
  4407 | D:5      | Reached XP level 7. HP: 58/59 MP: 9/9
  4510 | D:5      | Reached skill level 4 in Axes
  5147 | D:6      | Found a blossoming altar of Fedhas.
  5165 | D:6      | Found Jesupyh's Food Emporium.
  5217 | D:6      | Reached **** piety under Lugonu
  5284 | D:6      | Found a basalt altar of Yredelemnul.
  5367 | D:6      | Reached XP level 8. HP: 62/67 MP: 11/11
  5417 | D:6      | Noticed Grinder
  5429 | D:6      | Killed Grinder
  5429 | D:6      | Reached skill level 5 in Axes
  5885 | D:6      | Noticed a two-headed ogre
  5888 | D:6      | Banished a two-headed ogre
  5888 | D:6      | Reached skill level 5 in Fighting
  5888 | D:6      | Reached skill level 5 in Invocations
  6223 | D:6      | Reached XP level 9. HP: 37/74 MP: 13/13
  6247 | D:6      | Reached skill level 6 in Axes
  6716 | D:7      | Reached skill level 5 in Armour
  6719 | D:7      | Found Iney's Food Shoppe.
  6899 | D:7      | Found a staircase to the Ecumenical Temple.
  7144 | D:8      | Found Siamp's General Store.
  7158 | D:8      | Bought a potion of mutation for 88 gold pieces
  7576 | D:8      | Reached skill level 1 in Evocations
  7729 | D:8      | Found a shimmering altar of Xom.
  8053 | D:8      | Reached skill level 7 in Axes
  8070 | D:8      | Noticed a two-headed ogre
  8111 | D:8      | Banished a two-headed ogre
  8111 | D:8      | Reached XP level 10. HP: 40/83 MP: 9/14
  9779 | D:9      | Noticed Grum
  9801 | D:9      | Killed Grum
 10692 | D:9      | Got a twisted scale mail
 10703 | D:9      | Identified the cursed +0 scale mail of the Lost Coins
                  | {rElec rF- Int+8 Slay+3} (You found it on level 9 of the
                  | Dungeon)
 11239 | D:10     | Entered Level 10 of the Dungeon
 11342 | D:10     | Reached ***** piety under Lugonu
 11998 | D:10     | Noticed a two-headed ogre
 12004 | D:10     | Reached skill level 8 in Axes
 12036 | D:10     | Killed a two-headed ogre
 13344 | D:11     | Reached XP level 11. HP: 59/91 MP: 16/16
 13625 | D:11     | Killed an unseen horror
 13707 | D:11     | Reached skill level 5 in Dodging
 14574 | D:11     | Noticed a two-headed ogre
 14574 | D:11     | Noticed a two-headed ogre
 14586 | D:11     | Killed a two-headed ogre
 14593 | D:11     | Killed a two-headed ogre
 14842 | D:11     | Found a staircase to the Lair.
 15036 | D:11     | Found Ytateduemu's Magic Scroll Shoppe.
 15044 | D:11     | Bought a scroll of teleportation for 45 gold pieces
 15238 | D:12     | Banished an unseen horror
 15836 | D:12     | Reached skill level 9 in Axes
 16069 | D:12     | HP: 3/92 [yak (7)]
 16070 | D:12     | Drowned by a water elemental

Skill      XL: |  1  2  3  4  5  6  7  8  9 10 11 |
---------------+----------------------------------+-----
Axes           | 2 3 4 5 7 8 9 |  9.0
Dodging        | 1 2 3 4 5 |  5.4
Armour         | 2 3 4 5 7 8 |  8.4
Invocations    | 3 4 5 6 7 8 |  8.8
Fighting       | 4 5 6 7 |  7.1
Evocations     | 1 |  1.2

Action                   |  1- 3 |  4- 6 |  7- 9 | 10-12 || total
-------------------------+-------+-------+-------+-------++-------
Melee: Hand axe          |    82 |   187 |   265 |   492 ||  1026
       Kick              |    16 |    50 |    77 |   180 ||   323
Invok: Depart the Abyss  |     1 |       |       |       ||     1
       Banish            |       |       |     4 |     7 ||    11
Evoke: Wand              |       |       |    10 |     5 ||    15
  Use: Scroll            |     4 |    11 |     6 |     6 ||    27
       Potion            |       |       |       |     2 ||     2
  Eat: Chunk             |       |     8 |    11 |     8 ||    27
       Ration            |       |       |       |     5 ||     5
Armor: Ring mail         |    42 |    81 |    28 |       ||   151
       Chain mail        |       |       |   107 |   291 ||   398
Dodge: Dodged            |    30 |    95 |    79 |   132 ||   336
Block: Other             |       |     3 |    30 |    64 ||    97
       Reflection        |       |       |     2 |     2 ||     4
